 Dungeon Crawl Stone Soup version 0.24.0-125-gc4c63601f3 (console) character file.

Game seed: 4033941827138957092, levelgen mode: deterministic

5126 Cab the Purveyor of Pain (level 10, -3/67 HPs)
             Began as a Mummy Necromancer on Feb 29, 2020.
             Was an Initiate of Kikubaaqudgha.
             Slain by a phantasmal warrior (28 damage)
             ... led by a death knight
             ... on level 9 of the Dungeon.
             The game lasted 00:46:35 (7765 turns).

Cab the Purveyor of Pain (Mummy Necromancer)        Turns: 7765, Time: 00:46:35

Health: -3/67      AC: 13    Str: 12    XL:     10   Next: 32%
Magic:  19/19      EV: 10    Int: 17    God:    Kikubaaqudgha [......]
Gold:   500        SH:  0    Dex: 13    Spells: 13/21 levels left

rFire    x . .     SeeInvis .   h - +7 quarterstaff (chaos)
rCold    + . .     Gourm    .   (shield currently unavailable)
rNeg     + + +     Faith    .   l - +3 ring mail
rPois    ∞         Spirit   .   j - +2 helmet
rElec    .         Reflect  .   m - +1 cloak
rCorr    .         Harm     .   (no gloves)
MR       .....                  (no boots)
Stlth    ++........             (no amulet)
HPRegen  0.21/turn              f - ring of poison resistance
MPRegen  0.16/turn              p - ring of stealth

@: vulnerable
A: no food or potions, fire vulnerability, cold resistance 1, negative energy
resistance 3, torment resistance, unbreathing
a: Renounce Religion


You were on level 9 of the Dungeon.
You worshipped Kikubaaqudgha.
Kikubaaqudgha was noncommittal.
You were not hungry.

You visited 2 branches of the dungeon, and saw 10 of its levels.

You collected 500 gold pieces.

Inventory:

Hand Weapons
 h - a +7 quarterstaff of chaos (weapon)
 k - a +3 hand axe of chopping
Armour
 a - a +0 robe
 j - a +2 helmet (worn)
 l - a +3 ring mail (worn)
 m - a +1 cloak (worn)
Jewellery
 f - a ring of poison resistance (left hand)
 p - a ring of stealth (right hand)
 q - an uncursed ring of ice
Wands
 o - a wand of acid (7)
 r - a wand of iceblast (25)
 t - a wand of flame (23)
 v - a wand of polymorph (1)
Scrolls
 b - a scroll of fog
 c - a scroll of immolation
 d - 5 scrolls of amnesia
 e - 10 scrolls of remove curse
 g - 6 scrolls of teleportation
 i - 2 scrolls of blinking
 n - 4 scrolls of fear
 s - 2 scrolls of identify
 u - 2 scrolls of magic mapping


   Skills:
 - Level 2.2 Fighting
 - Level 1.0 Axes
 - Level 1.2 Staves
 - Level 1.0 Armour
 - Level 1.5 Dodging
 - Level 1.5 Stealth
 + Level 6.1 Spellcasting
 * Level 14.0 Necromancy


You had 13 spell levels left.
You knew the following spells:

 Your Spells              Type           Power        Failure   Level  Hunger
a - Pain                  Necr           ####         1%          1    N/A
b - Vampiric Draining     Necr           ######....   1%          3    N/A
c - Animate Dead          Necr           N/A          1%          4    N/A

Your spell library contained the following spells:

 Spells                   Type           Power        Failure   Level  Hunger
 Animate Skeleton         Necr           N/A          1%          1    N/A
 Regeneration             Chrm/Necr      Unusable     N/A         3    N/A

Dungeon Overview and Level Annotations

Branches:
Dungeon (9/15)             Temple (1/1) D:7
   Lair: D:8-11         Orc: D:9-12

Altars:
Ashenzari
Cheibriados
Dithmenos
Elyvilon
Fedhas
Gozag
Hepliaklqana
Kikubaaqudgha
Makhleb
Nemelex Xobeh
Okawaru
Qazlal
Ru
Sif Muna
Trog
Uskayaw
Vehumet
Wu Jian
Xom
Yredelemnul
Zin
The Shining One


Innate Abilities, Weirdness & Mutations

You do not eat or drink.
Your flesh is vulnerable to fire.
You are immune to poison.
Your flesh is cold resistant. (rC+)
You are immune to negative energy. (rN+++)
You are immune to unholy pain and torment.
You can survive without breathing.


Message History

The mass of ice explodes!
The iceblast engulfs the phantasmal warrior.
The phantasmal warrior is lightly damaged.
You hear a shout! x5
The phantasmal warrior blinks!
Press: ? - help, v - describe, . - travel
Here: a phantasmal warrior (lightly damaged)
The floor.
Unknown command.
You completely miss the phantasmal warrior.
The phantasmal warrior is lightly damaged.
The phantasmal warrior hits you!
You hit the phantasmal warrior. You burn the phantasmal warrior.
The phantasmal warrior is lightly damaged.
The phantasmal warrior hits you!!
Your magical defenses are stripped away!
You can't go up here!
The phantasmal warrior hits you!!
You die...
Kikubaaqudgha rasps: "You have failed me!
Welcome... oblivion!"

∙∙∙∙∙∙∙∙∙∙▒▒▒ ∙∙
▒∙∙∙∙∙∙∙∙▒∙∙▒▒▒▒▒∙∙∙
▒▒▒∙∙∙∙∙∙▒▒∙∙∙∙∙∙∙∙∙
▒▒∙∙∙∙∙▒▒▒∙∙∙∙▒▒▒
▒▒∙∙∙∙∙▒▒∙▒▒▒▒
▒▒▒∙∙∙▒▒∙▒ ▒▒▒▒▒∙∙▒
▒▒▒▒ ▒∙∙▒▒▒▒▒▒∙∙∙∙∙
▒∙∙∙∙∙@∙∙∙∙∙∙∙
▒∙∙∙∙W∙∙▒▒▒▒▒▒
▒▒∙▒▒▒▒▒▒▒ ▒∙▒▒▒▒▒▒
▒∙▒∙∙∙∙∙▒
▒∙∙∙∙∙∙∙∙∙∙∙
▒∙∙▒∙∙∙∙∙∙∙∙∙
▒∙∙▒∙∙∙∙∙∙∙∙∙∙
▒∙▒▒∙∙∙∙∙∙∙∙∙∙


You could see a phantasmal warrior.

Vanquished Creatures
  A glowing orange brain (shapeshifter) (D:7)
  Pikel (D:7)
  A hippogriff (D:7)
  Sigmund (D:2)
  A human (D:7)
  4 hogs (D:7)
  2 orc warriors (D:6)
  A phantom (D:8)
  2 ice beasts
  6 ogres
  3 centaurs
  A crocodile (D:7)
  3 bullfrogs (D:6)
  12 scorpions
  2 crimson imps
  A bullfrog skeleton (D:5)
  2 jellies
  4 orc priests
  Crazy Yiuf (D:2)
  4 hounds
  5 iguanas
  Terence (D:3)
  8 worker ants
  4 orc wizards
  Robin (D:2)
  15 adders
  A shadow imp (D:7)
  3 oozes
  An adder zombie (D:5)
  An adder skeleton (D:4)
  A worm (D:2)
  A dart slug (D:2)
  5 leopard geckos
  27 orcs
  8 bats
  10 giant cockroaches
  13 goblins
  12 hobgoblins
  8 jackals
  4 quokkas
  A ball python (D:3)
  5 frilled lizards
  A jackal skeleton (D:4)
  6 kobolds (D:1)
  A leopard gecko zombie (D:6)
  9 rats
  A plant (D:5)
206 creatures vanquished.

Vanquished Creatures (collateral kills)
  An adder (D:5)
  A plant (D:5)
2 creatures vanquished.

Vanquished Creatures (others)
  2 slaves (D:7)
  A wyvern skeleton (D:7)
  An orc (D:7)
  A jackal (D:7)
  2 fungi (D:5)
  A plant (D:2)
8 creatures vanquished.

Grand Total: 216 creatures vanquished

Notes
Turn   | Place    | Note
-------+----------+-------------------------------------------
     0 | D:1      | Cab the Mummy Necromancer began the quest for the Orb.
     0 | D:1      | Reached XP level 1. HP: 13/13 MP: 4/4
   222 | D:1      | Reached XP level 2. HP: 10/19 MP: 3/5
  1178 | D:2      | Found a snail-covered altar of Cheibriados.
  1185 | D:2      | Reached skill level 5 in Necromancy
  1195 | D:2      | Reached XP level 3. HP: 24/24 MP: 2/7
  1205 | D:2      | Learned a level 3 spell: Vampiric Draining
  1249 | D:2      | Noticed Robin
  1357 | D:2      | Noticed Sigmund
  1709 | D:3      | Noticed Terence
  1732 | D:3      | Killed Terence
  1732 | D:3      | Reached XP level 4. HP: 28/30 MP: 1/8
  1752 | D:3      | Reached skill level 6 in Necromancy
  1968 | D:3      | Learned a level 4 spell: Animate Dead
  1981 | D:3      | Reached XP level 5. HP: 25/35 MP: 0/9
  2589 | D:2      | Killed Robin
  2687 | D:2      | Killed Sigmund
  2687 | D:2      | Reached skill level 7 in Necromancy
  2687 | D:2      | Reached XP level 6. HP: 23/41 MP: 0/10
  3139 | D:2      | Reached skill level 8 in Necromancy
  3207 | D:2      | Found a runed translucent door.
  3208 | D:2      | Noticed Crazy Yiuf
  3216 | D:2      | Killed Crazy Yiuf
  3216 | D:2      | Reached skill level 1 in Axes
  3363 | D:4      | Reached XP level 7. HP: 41/46 MP: 11/11
  3422 | D:4      | Found an iron altar of Okawaru.
  3479 | D:4      | Found an opulent altar of Gozag.
  3720 | D:4      | Reached skill level 9 in Necromancy
  3833 | D:5      | Entered Level 5 of the Dungeon
  4002 | D:5      | Reached XP level 8. HP: 50/52 MP: 8/14
  4123 | D:5      | Reached skill level 10 in Necromancy
  4190 | D:5      | Reached skill level 5 in Spellcasting
  4591 | D:6      | Reached skill level 1 in Fighting
  4609 | D:6      | Reached skill level 11 in Necromancy
  4633 | D:6      | Reached XP level 9. HP: 28/59 MP: 14/18
  4802 | D:6      | You fall into a shaft and drop 3 floors!
  4994 | D:7      | Noticed Pikel
  5003 | D:7      | Killed Pikel
  5312 | D:6      | Reached skill level 12 in Necromancy
  6125 | D:7      | Reached skill level 13 in Necromancy
  6292 | D:7      | Noticed a glowing shapeshifter
  6292 | D:7      | an orc priest changed into a glowing shapeshifter
  6292 | D:7      | Noticed an anaconda
  6292 | D:7      | a glowing shapeshifter changed into an anaconda
  6293 | D:7      | Noticed a faun
  6293 | D:7      | an anaconda changed into a faun
  6297 | D:7      | Noticed a moth of wrath
  6297 | D:7      | a faun changed into a moth of wrath
  6299 | D:7      | Noticed a water nymph
  6299 | D:7      | a moth of wrath changed into a water nymph
  6302 | D:7      | Noticed a sea snake
  6302 | D:7      | a water nymph changed into a sea snake
  6304 | D:7      | Noticed a mana viper
  6304 | D:7      | a sea snake changed into a mana viper
  6305 | D:7      | Noticed a guardian serpent
  6305 | D:7      | a mana viper changed into a guardian serpent
  6306 | D:7      | Noticed an elephant
  6306 | D:7      | a guardian serpent changed into an elephant
  6309 | D:7      | Noticed a shock serpent
  6309 | D:7      | an elephant changed into a shock serpent
  6310 | D:7      | Noticed a lindwurm
  6310 | D:7      | a shock serpent changed into a lindwurm
  6318 | D:7      | a lindwurm changed into a tarantella
  6319 | D:7      | Noticed a lindwurm
  6319 | D:7      | a tarantella changed into a lindwurm
  6320 | D:7      | Noticed a shock serpent
  6320 | D:7      | a lindwurm changed into a shock serpent
  6322 | D:7      | Noticed a glowing orange brain
  6322 | D:7      | a shock serpent changed into a glowing orange brain
  6325 | D:7      | Killed a glowing orange brain
  6325 | D:7      | Reached skill level 1 in Armour
  6325 | D:7      | Reached XP level 10. HP: 40/67 MP: 2/19
  6443 | D:7      | Found a blossoming altar of Fedhas.
  6551 | D:7      | Found a staircase to the Ecumenical Temple.
  6557 | Temple   | Entered the Ecumenical Temple
  6787 | Temple   | Became a worshipper of Kikubaaqudgha
  7027 | D:7      | Reached skill level 1 in Staves
  7549 | D:8      | Reached skill level 14 in Necromancy
  7753 | D:9      | Noticed a phantasmal warrior
  7765 | D:9      | Slain by a phantasmal warrior

Levels and vault maps discovered:
D:1:      minmay_arrival_widening_spiral_wide, layout_basic, minmay_cupped
D:2:      layout_rooms, serial_forest, infiniplex_forest_clump_diagonal,
          infiniplex_forest_clump_long, infiniplex_forest_clump_C,
          infiniplex_forest_clump_small, infiniplex_forest_clump_tiny,
          dk_noncrumbling_3, chequers_serial_rivers_small_b,
          cheibriados_altar_1, uniq_sigmund, uniq_crazy_yiuf_cottage, uniq_robin
D:3:      layout_rooms, portal_sewer_entry_f, uniq_terence
D:4:      layout_loops_ring, okawaru_metal_pillars_1_2, first_ration,
          grunt_gozag_statues
D:5:      old_forge, layout_rooms
D:6:      layout_basic
D:7:      layout_basic, minmay_temple_entry_enclosed_plants, grunt_livestock,
          minmay_misc_feat_x, fedhas_altar_1, uniq_pikel
D:8:      layout_cave_pools
D:9:      layout_cave_pods, minmay_liquid_box
Temple:   nicolae_temple_the_god_donut

Skill      XL: |  1  2  3  4  5  6  7  8  9 10 |
---------------+-------------------------------+-----
Necromancy     | 5 6 7 8 9 11 13 14 | 14.0
Spellcasting   | 3 4 6 |  6.1
Axes           | 1 |  1.0
Fighting       | 1 2 |  2.2
Armour         | 1 |  1.0
Staves         | 1 |  1.2
Dodging        | |  1.5
Stealth        | |  1.5

Action                   |  1- 3 |  4- 6 |  7- 9 | 10-12 || total
-------------------------+-------+-------+-------+-------++-------
Melee: Unarmed           |    16 |    11 |       |       ||    27
       Hand axe          |       |    59 |       |       ||    59
       Quarterstaff      |       |     7 |   279 |    65 ||   351
 Cast: Pain              |    79 |    60 |    58 |     8 ||   205
       Vampiric Draining |       |     7 |    39 |     6 ||    52
       Animate Dead      |       |       |     1 |       ||     1
Evoke: Wand              |       |       |       |     1 ||     1
  Use: Scroll            |     4 |     7 |     8 |     2 ||    21
 Stab: Sleeping          |     1 |       |     1 |     2 ||     4
       Confused          |       |       |     1 |       ||     1
       Paralysed         |       |       |     2 |       ||     2
       Distracted        |       |       |     1 |       ||     1
Armor: Robe              |     3 |    18 |       |       ||    21
       Ring mail         |       |    33 |   177 |    36 ||   246
Dodge: Dodged            |    36 |    59 |   202 |    31 ||   328
